AoeStats
← Sunscream

Golden Pit

510101939Analyzed
1v1 RM · 3d ago on Sep 29, 2026· 43m 47s· 2 players
Game mode
Random Map
Map size
Tiny (2 player)
Population
200
Speed
Normal
Resources
Standard
Victory
Conquest
Starting age
Dark Age
Ending age
Imperial Age
RankedLock teamsTeams togetherTeam positionsShared explorationLock speedFull tech treeHidden civsTurbo modeCheats
Victory
Defeat
🇬🇷 Poles · Greece
905
+14
🇫🇮 Hindustanis · Finland
853
-14
KEINO
14:26 Feudal Age
12:42 Loom
16:02 Horse Collar
18:27 Castle Age
16:21 Double-Bit Axe
16:55 Stone Mining
17:03 Gold Mining
17:39 Town Watch
18:31 Wheelbarrow
22:25 Hand Cart
23:13 Fletching
26:16 Bloodlines
29:13 Husbandry
30:21 Scale Barding Armor
30:27 Forging
36:55 Imperial Age
35:46 Gold Shaft Mining
37:49 Iron Casting
37:43 Chain Barding Armor
37:24 Scale Mail Armor
37:20 Bodkin Arrow
38:33 Bow Saw
39:03 Stone Shaft Mining
39:15 Heavy Camel Rider
Sunscream
10:15 Feudal Age
9:54 Loom
10:52 Double-Bit Axe
13:36 Fletching
23:06 Castle Age
22:52 Horse Collar
23:18 Crossbowman
24:44 Bodkin Arrow
25:32 Bow Saw
27:49 Wheelbarrow
29:44 Ballistics
35:38 Imperial Age
34:14 Hand Cart
34:16 Town Watch
34:33 Heavy Plow
34:29 Stone Mining
34:29 Gold Mining
35:20 Scale Mail Armor
35:21 Padded Archer Armor
35:33 Forging
35:41 Thumb Ring
35:40 Squires
37:43 Arbalester
42:27 Town Patrol
42:36 Bracer
42:53 Chain Mail Armor
Connection lost

Rejoining the realm…

Still unreachable

The connection could not be restored.

Session expired

The server has moved on; the page needs a fresh start.